 Dungeon Crawl Stone Soup version 0.29-a0-1009-g60c99734e7 (webtiles) character file.

Game seed: 2755169410514384410

21 componib the Shooter (level 2, -8/25 HPs)
             Began as a Minotaur Hunter on Aug 8, 2022.
             Was a Follower of Wu Jian.
             Killed by an exploding goblin (25 damage)
             ... ignited by their inner flame
             ... on level 2 of the Dungeon.
             The game lasted 00:01:40 (223 turns).

componib the Shooter (Minotaur Hunter)               Turns: 223, Time: 00:01:41

Health: -8/25      AC:  3    Str: 15    XL:     2   Next: 65%
Magic:  1/1        EV: 12    Int:  6    God:    Wu Jian [*.....]
Gold:   27         SH:  0    Dex: 13    Spells: 1/1 levels left

rFire   . . .      SeeInvis .   a - +0 shortbow
rCold   . . .      Faith    .   (shield currently unavailable)
rNeg    . . .      Spirit   .   c - +0 leather armour
rPois   .          Reflect  .   (helmet restricted)
rElec   .          Harm     .   (no cloak)
rCorr   .          Rampage  .   (no gloves)
Will    .....                   (no boots)
Stlth   +.........              (no amulet)
HPRegen 0.08/turn               (no ring)
MPRegen 0.07/turn               (no ring)

@: no status effects
A: horns 2, retaliatory headbutt
a: Renounce Religion


You were on level 2 of the Dungeon.
You worshipped Wu Jian.
Wu Jian was aware of your devotion.
You visited 1 branch of the dungeon, and saw 2 of its levels.

You collected 27 gold pieces.

Inventory:

Hand Weapons
 a - a +0 shortbow (weapon)
Armour
 c - a +0 leather armour (worn)


   Skills:
 + Level 2.4 Fighting
 + Level 5.2 Ranged Weapons
 + Level 2.3 Dodging
 + Level 0.7 Stealth


You had one spell level left.
You didn't know any spells.
Your spell library was empty.

Dungeon Overview and Level Annotations

Branches:
Dungeon (2/15)

Altars:
Wu Jian

Annotations:
D:2 Robin


Innate Abilities, Weirdness & Mutations

You have a pair of horns on your head.
You reflexively headbutt those who attack you in melee.


Message History

You shoot an arrow. The arrow closely misses the goblin.
The goblin shouts!
You hear a shout!
You hear an angry hiss.
Robin throws the goblin at you!
A hobgoblin comes into view.
The goblin barely misses you. You furiously retaliate!
You headbutt the goblin!
You kill the goblin!
The Council accepts your kill. The goblin hits you with a +0 club.
You shoot an arrow. The arrow barely misses the goblin.
The goblin barely misses you. You furiously retaliate!
You headbutt the goblin.
You kill the goblin!
The Council accepts your kill. The goblin closely misses you.
The goblin hits you with a +0 club.
A hobgoblin comes into view.
You shoot an arrow. The arrow misses the goblin.
The goblin hits you with a +0 club.
You hear a zap.
You hear a grinding noise.
You shoot an arrow. The arrow closely misses the goblin.
The goblin completely misses you. The goblin closely misses you.
Robin roars a battlecry!
The goblin goes into a battle-frenzy!
A goblin comes into view. It is wielding a +0 dagger.
The goblin misses you. You furiously retaliate!
You headbutt the goblin. The goblin barely misses you.
The goblin closely misses you.
Really read the scroll of immolation? [Y]es or [N]o only, please.
Really read the scroll of immolation?
As you read the scroll of immolation, it crumbles to dust.
The creatures around you are filled with an inner flame!
The goblin misses you. You furiously retaliate!
You headbutt the goblin! The Council accepts your kill.
The goblin explodes!
The fiery explosion engulfs the goblin!
The Council accepts your kill.
The fiery explosion engulfs the goblin!!
The Council accepts your kill. The fiery explosion engulfs you!!
Ouch! That really hurt!
You die...

...#... ##.......<#
.
...#.##.....>...###
.g
#.?...............#
..?
#.......##.###..#.##
gg #.......##.#
#......
#.#.......##.#
#..#.##
#.g§§.###.##.#
#..#.# #§)#
#.##.###..#.## #)@#
#............. #..#
#.##.#.#....##
###..###.##........#
#......#.##...#..#.#
#.#..#.#.##......###
#.#......##.#.##.#
......#.####.#.##.#
.#.##.#.# #.#.##.#
.... ..... ..#.##[#


You could see Robin (inner flame), 2 hobgoblins and a goblin (inner flame,
strong).

Vanquished Creatures
  2 ball pythons (D:2)
  2 bats (D:1)
  6 goblins (D:2)
  2 hobgoblins (D:1)
  2 jackals (D:1)
  2 quokkas
  2 kobolds (D:1)
18 creatures vanquished.

Vanquished Creatures (collateral kills)
  2 jackals (D:1)
2 creatures vanquished.

Grand Total: 20 creatures vanquished

Notes
Turn   | Place    | Note
-------+----------+-------------------------------------------
     0 | D:1      | componib the Minotaur Hunter began the quest for the Orb.
     0 | D:1      | Reached XP level 1. HP: 18/18 MP: 0/0
    21 | D:1      | Found a faded altar of an unknown god.
    33 | D:1      | Prayed at the altar of an unknown god.
    33 | D:1      | Became a worshipper of the Wu Jian Council
    33 | D:1      | Reached * piety under Wu Jian
   121 | D:1      | Reached XP level 2. HP: 25/25 MP: 1/1
   142 | D:1      | Reached skill level 5 in Ranged Weapons
   214 | D:2      | Noticed Robin
   223 | D:2      | Killed by an exploding goblin... ignited by their inner
                  | flame

Illustrated notes

Levels and vault maps discovered:
D:1:      lightli_arrival_lavapool, layout_loops_corners,
          basic_ecumenical_altar, patterned_corridor
D:2:      layout_basic, uniq_natasha, uniq_jessica, uniq_robin

Skill      XL: |  1  2 |
---------------+-------+-----
Ranged Weapons | 5 |  5.2
Fighting       | |  2.4
Dodging        | |  2.3
Stealth        | |  0.7

Action                   || total
-------------------------++-------
 Fire: Shortbow          ||    32
  Use: Scroll            ||     2
Armor: Leather armour    ||     4
Dodge: Dodged            ||    16

Table legend: (Time is in decaauts)
 A = Elapsed time spent in this place.
 B = Non-inter-level travel time spent in this place.
 C = Inter-level travel time spent in this place.
 D = Time resting spent in this place.
 E = Time spent auto-exploring this place.
 F = Levels seen in this place.
 G = Mean time per level.
                   A        B        C        D        E       F      G
               +--------+--------+--------+--------+--------+-----+--------+
         Total |    232 |    232 |      0 |      0 |    131 |   2 |  116.0 |
       Dungeon |    232 |    232 |      0 |      0 |    131 |   2 |  116.0 |
               +--------+--------+--------+--------+--------+-----+--------+

Top non-repeatable levels by time:
     D:1: 155 daAuts
     D:2: 76 daAuts
